 Dungeon Crawl Stone Soup version 0.26-a0-812-g31a745ddcd (webtiles) character file.

Game seed: 15948718382919973328

68 1994 the Chucker (level 4, -15/45 HPs)
             Began as an Ogre Hunter on Nov 14, 2020.
             Demolished by a gnoll
             ... wielding a +0 halberd
              (16 damage)
             ... on level 2 of the Dungeon.
             The game lasted 00:07:11 (2625 turns).

1994 the Chucker (Ogre Hunter)                      Turns: 2625, Time: 00:07:11

Health: -15/45     AC:  3    Str: 17    XL:     4   Next: 19%
Magic:  4/4        EV: 10    Int: 12    God:
Gold:   172        SH:  0    Dex:  9    Spells: 3/3 levels left

rFire    . . .     SeeInvis .   g - +1 halberd (venom)
rCold    . . .     Faith    .   (shield currently unavailable)
rNeg     . . .     Spirit   .   e - +0 robe
rPois    .         Reflect  .   (helmet restricted)
rElec    .         Harm     .   (no cloak)
rCorr    .         Rampage  .   (gloves unavailable)
MR       .....                  (boots unavailable)
Stlth    +.........             (no amulet)
HPRegen  0.15/turn              (no ring)
MPRegen  0.09/turn              (no ring)

@: lethally poisoned (-15 -> -20)
A: large, unfitting armour, tough skin 1
a: no special abilities


You were on level 2 of the Dungeon.
You visited 1 branch of the dungeon, and saw 3 of its levels.

You collected 172 gold pieces.

Inventory:

Hand Weapons
 a - a +0 short sword
 b - a +0 hand axe
 g - a +1 halberd of venom (weapon)
 h - a +0 hunting sling
 s - a +0 club
Missiles
 c - 5 large rocks
 d - 2 throwing nets (quivered)
 l - 95 stones
 m - 5 boomerangs
 q - 5 javelins
Armour
 e - a +0 robe (worn)
Jewellery
 r - an uncursed ring of stealth {unknown}
Scrolls
 f - 2 scrolls of teleportation
 i - a scroll of enchant armour {unknown}
 j - a scroll of amnesia {unknown}
 k - a scroll of immolation {unknown}
 p - a scroll of magic mapping {unknown}
 t - a scroll of blinking {unknown}
Potions
 o - 2 potions of invisibility


   Skills:
 - Level 3.1 Fighting
 * Level 2.5 Maces & Flails
 + Level 4.4 Throwing
 - Level 1.7 Dodging
 - Level 0.6 Stealth


You had 3 spell levels left.
You didn't know any spells.
Your spell library was empty.

Dungeon Overview and Level Annotations

Branches:
Dungeon (3/15)

Altars:

Annotations:
D:2 1 runed translucent door, Crazy Yiuf


Innate Abilities, Weirdness & Mutations

You are too large for most types of armour.
You have tough skin. (AC +1)


Message History

Unknown command.
Unknown command.
The gnoll hits you from afar with a +0 halberd of venom!
You are poisoned.
You climb upwards.
Level annotation: 1 runed translucent door, Crazy Yiuf You feel sick.
There is a stone staircase leading down, spattered with blood here.
Unknown command.
Unknown command.
Unknown command.
The gnoll hits you from afar with a +0 halberd!
* * * LOW HITPOINT WARNING * * *
* * * LOW HITPOINT WARNING * * *
You feel sick.
Okay, then.
Unknown command.
There is a lethal amount of poison in your body!
The gnoll hits you from afar with a +0 halberd!
You die...

..♣♣ ♣♣♣..♣♣ ##.# ...♣
♣♣♣..♣♣♣ ##..# ♣..♣♣♣..♣♣♣
##..## ♣♣...)♣♣♣ ###..##
♣♣♣♣♣♣ ####...##
####.....## ######
#.##.#.#.#### .....#
####.##.<......#
.....###........@##..##
.....+.........÷.#...#
.....###..#.#...g#.#.#####
.......#..#......#.#.....#
..........#......#.#.#####
..........#......#.#.#
..........#.##.......#
..........#.###..#.###
.....[...........#.#


You could see a gnoll.

Vanquished Creatures
  A gnoll (D:2)
  An adder (D:2)
  A dart slug (D:1)
  A leopard gecko (D:2)
  5 bats
  3 giant cockroaches (D:2)
  5 hobgoblins (D:1)
  5 jackals (D:2)
  2 ball pythons (D:1)
  4 frilled lizards (D:2)
  6 goblins
  6 kobolds
  5 rats
45 creatures vanquished.

Notes
Turn   | Place    | Note
-------+----------+-------------------------------------------
     0 | D:1      | 1994 the Ogre Hunter began the quest for the Orb.
     0 | D:1      | Reached XP level 1. HP: 22/22 MP: 1/1
   144 | D:1      | Reached XP level 2. HP: 15/31 MP: 2/2
   678 | D:1      | Reached skill level 1 in Maces & Flails
   998 | D:1      | Reached XP level 3. HP: 37/37 MP: 3/3
  1128 | D:2      | You fall into a shaft and drop 1 floor!
  1773 | D:2      | Found a runed translucent door.
  1774 | D:2      | Noticed Crazy Yiuf
  2033 | D:2      | Reached XP level 4. HP: 33/45 MP: 4/4
  2360 | D:2      | HP: 2/45 [gnoll/+1 halberd of venom (12)]
  2623 | D:2      | HP: 2/45 [gnoll/+0 halberd (13)]
  2625 | D:2      | Demolished by a gnoll

Illustrated notes

Levels and vault maps discovered:
D:1:      mushboom_english_gardens, layout_basic, minmay_tromino_v4_a
D:2:      kb_forest_paths, layout_basic, uniq_crazy_yiuf_cottage
D:3:      layout_basic, grunt_temple_overflow_open, elyvilon_altar_1

Skill      XL: |  1  2  3 |
---------------+----------+-----
Fighting       | 3 |  3.1
Maces & Flails | 1 2 |  2.5
Throwing       | |  4.4
Dodging        | |  1.7
Stealth        | |  0.6

Action                   |  1- 3 |  4- 6 || total
-------------------------+-------+-------++-------
Melee: Short sword       |   117 |       ||   117
       Club              |    81 |       ||    81
       Hand axe          |       |     2 ||     2
Throw: Stone             |     5 |       ||     5
       Boomerang         |     3 |       ||     3
       Large rock        |       |     4 ||     4
       Throwing net      |       |     2 ||     2
  Use: Scroll            |     3 |     1 ||     4
       Potion            |       |     2 ||     2
 Stab: Sleeping          |     1 |       ||     1
Armor: Robe              |    80 |     2 ||    82
Dodge: Dodged            |   138 |    10 ||   148

Table legend: (Time is in decaauts)
 A = Elapsed time spent in this place.
 B = Non-inter-level travel time spent in this place.
 C = Inter-level travel time spent in this place.
 D = Time resting spent in this place.
 E = Time spent auto-exploring this place.
 F = Levels seen in this place.
 G = Mean time per level.
                   A        B        C        D        E       F      G
               +--------+--------+--------+--------+--------+-----+--------+
         Total |   2662 |   2575 |     87 |   1052 |    753 |   3 |  887.3 |
       Dungeon |   2662 |   2575 |     87 |   1052 |    753 |   3 |  887.3 |
               +--------+--------+--------+--------+--------+-----+--------+

Top non-repeatable levels by time:
     D:2: 1477 daAuts
     D:1: 1130 daAuts
     D:3: 55 daAuts
